Map: Pillars of Gold LE

Players

dEbosh

  • Race: Protoss Protoss
  • League: Diamond
  • Spawn Location: 1:00

urumikanzaki - Winner!

  • Race: Zerg Zerg
  • League: Platinum
  • Spawn Location: 7:00

VOD

Have the link to the VOD?

Description

Time

  • Played on: Aug. 7, 2020, 3:48 p.m.
  • Length: 23:20
Show
View Real Time Build Order
Export as new Build Order

dEbosh Protoss 

Build Orders: 1 Gate Expand 

Get SALT Encoding   

  12  0:00  Probe  
  13  0:18  Pylon  
  13  0:19  Probe  
  14  0:31  Probe  
  15  0:36  Gateway  
  15  0:43  Probe  
  15  0:48  Assimilator  
  16  0:55  Probe (Chrono Boost)  
  18  1:05  Probe (Chrono Boost)  
  18  1:10  Probe (Chrono Boost)  
  19  1:22  Probe  
  20  1:31  Nexus  
  20  1:38  Pylon  
  20  1:47  Cybernetics Core  
  20  1:54  Assimilator  
  20  1:56  Probe  
  21  2:08  Probe  
  22  2:24  Adept  
  24  2:30  Gateway  
  24  2:33  Gateway  
  24  2:34  Warp Gate (Chrono Boost)  
  23  2:47  Gateway  
  23  2:48  Probe  
  24  2:59  Sentry  
  24  3:03  Probe x2  
  28  3:07  Shield Battery  
  28  3:15  Probe  
  29  3:25  Twilight Council  
  29  3:26  Pylon  
  29  3:28  Adept  
  29  3:33  Probe  
  32  3:35  Probe  
  33  3:55  Forge  
  33  3:57  Probe x2  
  33  3:59  Pylon  
  35  4:05  Resonating Glaives  
  35  4:09  Probe x2  
  37  4:18  Robotics Facility  
  37  4:21  Probe x2  
  39  4:25  Adept  
  39  4:26  Sentry  
  39  4:27  Protoss Ground Weapons Level 1 (Chrono Boost)  
  43  4:35  Probe x2  
  45  4:48  Adept x3  
  38  5:07  Probe x2  
  38  5:09  Adept x2  
  38  5:10  Adept  
  45  5:24  Probe x2 (Chrono Boost)  
  47  5:34  Probe (Chrono Boost)  
  47  5:35  Probe (Chrono Boost)  
  49  5:38  Shield Battery  
  49  5:41  Probe  
  49  5:42  Probe  
  49  5:46  Pylon  
  49  5:48  Immortal  
  55  5:57  Charge (Chrono Boost)  
  32  6:19  Adept x2  
  32  6:20  Adept x2  
  28  6:40  Adept x2  
  28  6:41  Adept x2  
  36  7:02  Probe x2 (Chrono Boost)  
  38  7:12  Probe x2 (Chrono Boost)  
  40  7:17  Probe x2 (Chrono Boost)  
  40  7:19  Pylon  
  42  7:24  Adept, Sentry  
  42  7:25  Sentry  
  42  7:28  Probe x2  
  50  7:36  Adept  
  52  7:40  Probe  
  52  7:42  Gateway  
  53  7:45  Pylon  
  53  7:48  Probe  
  54  7:52  Sentry  
  54  7:53  Sentry  
  58  8:09  Shield Battery  
  58  8:11  Shield Battery  
  58  8:12  Shield Battery  
  58  8:14  Adept x2  
  62  8:42  Assimilator, Probe x2  
  62  8:43  Shield Battery, Protoss Ground Armor Level 1 (Chrono Boost)  
  62  8:45  Shield Battery  
  64  8:54  Probe x2  
  66  8:58  Observer  
  66  9:00  Adept  
  69  9:06  Probe  
  70  9:10  Pylon  
  70  9:12  Pylon  
  70  9:28  Probe  
  71  9:38  Sentry x2  
  75  9:39  Adept x3  
  81  9:58  Gateway  
  81  10:00  Probe x2  
  81  10:01  Pylon  
  81  10:02  Pylon  
  81  10:06  Assimilator  
  83  10:11  Photon Cannon  
  83  10:12  Photon Cannon, Probe  
  83  10:13  Photon Cannon  
  84  10:14  Stalker  
  84  10:15  Shield Battery  
  84  10:19  Stalker  
  84  10:20  Stalker  
  90  10:22  Stalker  
  92  10:32  Immortal  
  66  11:13  Stalker x3  
  66  11:14  Stalker  
  68  11:20  Photon Cannon  
  68  11:24  Photon Cannon  
  66  11:25  Photon Cannon  
  66  11:28  Photon Cannon  
  66  11:30  Shield Battery  
  66  11:32  Probe x2  
  68  11:35  Stargate  
  68  11:37  Stargate  
  68  11:44  Sentry x2  
  72  11:47  Stalker  
  72  11:48  Stalker x2  
  78  12:22  Phoenix x2  
  82  12:29  Nexus  
  82  12:33  Pylon  
  82  12:36  Probe x2  
  84  12:48  Probe  
  84  12:49  Pylon  
  85  12:52  Phoenix x2  
  89  13:23  Phoenix x2  
  93  13:27  Photon Cannon  
  93  13:30  Photon Cannon  
  93  13:32  Shield Battery  
  92  13:36  Photon Cannon  
  88  13:42  Assimilator  
  84  13:48  Assimilator  
  84  13:56  Phoenix x2  
  88  14:25  Phoenix x2  
  92  14:51  Probe x2  
  92  14:52  Probe  
  95  14:57  Gateway  
  95  15:01  Phoenix x2, Pylon  
  95  15:03  Probe x2  
  95  15:04  Pylon  
  101  15:14  Robotics Bay  
  101  15:16  Sentry x2  
  101  15:17  Sentry x3  
  111  15:29  Phoenix  
  113  15:38  Probe x3  
  116  15:50  Probe x2  
  116  15:53  Protoss Ground Weapons Level 2 (Chrono Boost)  
  118  16:08  Dark Shrine  
  118  16:20  Observer  
  119  16:37  Zealot x4  
  119  16:38  Zealot  
  129  16:40  Colossus  
  114  18:14  Nexus  
  114  18:17  Pylon  
  114  18:19  Pylon  
  114  18:30  Probe x2  
  116  18:34  Phoenix x2  
  120  18:42  Probe x2  
  123  19:10  Probe x2  
  124  19:22  Probe x2  
  126  19:30  Fleet Beacon  
  126  19:33  Stargate  
  126  19:34  Probe x2  
  126  19:35  Void Ray x2  
  126  19:36  Stargate, Immortal (Chrono Boost)  
  140  19:50  Robotics Facility x2  
  140  19:53  Probe (Chrono Boost)  
  140  19:54  Assimilator  
  141  20:03  Probe (Chrono Boost)  
  141  20:04  Protoss Ground Weapons Level 3 (Chrono Boost)  
  141  20:05  Immortal (Chrono Boost)  
  142  20:07  Probe (Chrono Boost)  
  147  20:19  Probe  
  147  20:21  Tempest  
  153  20:28  Pylon  
  153  20:29  Pylon  
  153  20:30  Pylon  
  153  20:31  Probe  
  153  20:34  Pylon  
  154  20:36  Pylon  
  154  20:41  Pylon x2  
  154  20:43  Pylon  
  154  20:45  Pylon  
  154  20:46  Tempest x2  
  154  20:47  Tempest  
  154  20:48  Immortal (Chrono Boost)  
  154  20:49  Immortal x2 (Chrono Boost)  
  181  21:01  Probe x3  
  184  21:13  Probe  
  185  21:25  Immortal (Chrono Boost)  
  185  21:26  Nexus  
  185  21:28  Carrier  
  185  21:32  Immortal (Chrono Boost)  
  199  21:36  Pylon  
  133  22:04  Pylon  
  133  22:07  Pylon  
  110  22:12  Stalker x5  
  104  22:23  Carrier x2 (Chrono Boost)  
Show
View Real Time Build Order
Export as new Build Order

urumikanzaki Zerg - Winner!

Build Orders: Hatch First 

Get SALT Encoding   

  12  0:02  Drone  
  13  0:13  Overlord  
  13  0:17  Drone  
  14  0:31  Drone x2  
  16  0:51  Hatchery  
  16  0:55  Drone  
  16  0:57  Drone  
  16  1:01  Drone  
  18  1:07  Drone  
  19  1:11  Extractor  
  18  1:21  Spawning Pool  
  18  1:24  Drone  
  18  1:29  Drone  
  19  1:42  Overlord  
  19  1:52  Drone  
  20  2:08  Zergling x2  
  21  2:10  Zergling x2, Queen  
  21  2:12  Queen  
  21  2:14  Metabolic Boost  
  26  2:17  Drone  
  27  2:26  Drone  
  27  2:27  Drone x2  
  30  2:43  Overlord  
  30  2:50  Hatchery  
  29  3:00  Drone  
  29  3:01  Drone  
  31  3:08  Zergling x4  
  31  3:09  Zergling x4  
  35  3:22  Zergling x4  
  37  3:29  Baneling Nest  
  37  3:31  Zergling x12  
  42  3:38  Overlord  
  42  3:41  Overlord  
  42  3:50  Zergling x2  
  42  3:51  Zergling x2  
  44  3:59  Zergling x2  
  44  4:00  Zergling x8  
  49  4:04  Drone  
  50  4:16  Lair  
  50  4:20  Baneling x7  
  50  4:25  Drone x2  
  50  4:26  Drone  
  50  4:28  Drone  
  52  4:52  Zergling x20  
  49  5:02  Zergling x10  
  48  5:18  Drone x2  
  48  5:19  Drone  
  51  5:29  Baneling x8  
  51  5:30  Zergling x4  
  51  5:31  Zergling x10  
  58  5:41  Drone x2  
  61  5:42  Drone  
  61  5:43  Drone  
  61  5:47  Zergling x4  
  61  5:48  Zergling x4  
  66  5:55  Overlord  
  66  5:56  Overlord  
  66  5:57  Overlord  
  59  6:28  Zergling x14  
  56  6:42  Zergling x12  
  62  6:49  Drone  
  62  6:50  Drone  
  63  6:54  Queen  
  61  7:04  Baneling x10  
  61  7:10  Drone x3  
  61  7:11  Drone x3, Extractor x2  
  63  7:26  Zergling x2  
  63  7:27  Zergling x14  
  71  7:30  Queen  
  71  7:34  Hatchery  
  72  7:37  Overlord x2  
  72  7:38  Zergling x4  
  75  7:51  Drone x4, Hatchery  
  75  7:52  Overlord  
  77  8:01  Spire  
  76  8:18  Overlord  
  56  8:36  Drone x3  
  56  8:37  Extractor  
  56  8:41  Drone x3, Extractor  
  60  8:42  Drone x3  
  60  8:43  Drone x5, Extractor  
  67  8:58  Evolution Chamber x2  
  65  9:05  Drone  
  65  9:06  Drone  
  65  9:07  Drone  
  68  9:18  Mutalisk x7  
  68  9:20  Zergling x2  
  68  9:21  Zergling x16  
  91  9:25  Zerg Melee Weapons Level 1  
  91  9:47  Overlord x5  
  91  9:58  Zerg Ground Armor Level 1  
  91  10:00  Baneling x12  
  91  10:06  Drone x3  
  94  10:21  Drone x2  
  94  10:22  Drone x2  
  94  10:23  Drone x5  
  94  10:24  Extractor, Overlord x3  
  94  10:25  Mutalisk x3  
  94  10:26  Mutalisk  
  110  10:35  Queen  
  110  10:42  Mutalisk x2  
  116  10:59  Zergling x2  
  116  11:00  Overlord x4  
  115  11:11  Queen  
  96  11:13  Mutalisk x2  
  101  11:21  Zerg Melee Weapons Level 2  
  101  11:23  Mutalisk x3  
  107  11:28  Drone x2  
  109  11:33  Drone x3  
  112  11:46  Extractor  
  111  11:48  Infestation Pit  
  110  11:56  Zerg Flyer Armor Level 1  
  110  11:58  Overlord x3  
  110  12:00  Hatchery, Overlord  
  109  12:03  Extractor  
  109  12:06  Extractor  
  107  12:10  Mutalisk x6  
  107  12:12  Overlord x4  
  119  12:27  Drone x2  
  119  12:28  Drone x9  
  130  12:33  Mutalisk  
  132  12:43  Drone x2  
  132  12:44  Drone  
  135  12:49  Zerg Ground Armor Level 2  
  135  12:51  Mutalisk  
  135  12:52  Mutalisk x2  
  141  13:08  Zergling x20  
  141  13:09  Zergling x6  
  154  13:14  Hive  
  150  14:05  Mutalisk x17  
  184  14:11  Zerg Flyer Weapons Level 1  
  174  14:39  Overlord  
  174  14:40  Overlord x7  
  174  14:43  Baneling x7  
  174  14:44  Baneling x14  
  174  14:50  Zerg Melee Weapons Level 3  
  174  14:59  Drone x3  
  178  15:00  Drone x3  
  180  15:10  Zerg Ground Armor Level 3  
  180  15:18  Zergling x28  
  180  15:19  Zergling x12  
  200  15:26  Hatchery  
  199  15:30  Ultralisk Cavern  
  198  15:44  Adrenal Glands  
  198  16:20  Zerg Flyer Armor Level 2  
  198  16:27  Extractor  
  198  16:28  Centrifical Hooks  
  198  16:31  Extractor  
  198  16:32  Anabolic Synthesis  
  186  17:14  Chitinous Plating  
  175  17:17  Ultralisk  
  175  17:18  Ultralisk x4  
  175  17:21  Hatchery  
  142  17:49  Corruptor x18  
  154  18:07  Hatchery  
  143  18:26  Spire  
  142  18:31  Drone x2  
  142  18:32  Drone x3  
  147  18:37  Zerg Flyer Armor Level 3  
  147  19:01  Ultralisk x4  
  147  19:02  Zergling x10  
  173  19:12  Overseer  
  170  19:38  Drone x3  
  170  19:39  Drone x3  
  170  19:44  Extractor  
  173  19:46  Greater Spire  
  173  19:49  Extractor  
  173  19:52  Overseer x2  
  172  19:55  Drone x4  
  172  19:56  Drone  
  177  20:30  Corruptor x3  
  183  21:01  Drone x2  
  183  21:02  Drone  
  186  21:04  Brood Lord  
  186  21:05  Brood Lord x5  
  186  21:07  Hatchery  
  186  21:09  Extractor  
  184  22:01  Corruptor x5  
  148  22:02  Corruptor x8  
  148  22:08  Corruptor  
  164  22:10  Zergling x2  
  164  22:11  Zergling x2  
  160  22:19  Corruptor  
  153  22:28  Corruptor x2  
  153  22:31  Swarm Host  
  154  22:42  Corruptor x2  
Tags
 
Add a new tag
Caveats
  • Supply blocks, unpowered buildings, or Contaminate may cause inaccurate times.
  • Supply counts are checked every 10 seconds.